 Dungeon Crawl Stone Soup version 0.25.0-9-g26727b657a (webtiles) character file.

Game seed: 13389562357432625484

0 Esekla the Skirmisher (level 1, -16/16 HPs)
             Began as an Octopode Abyssal Knight on June 18, 2020.
             Was a Follower of Lugonu.
             Killed from afar by a rakshasa (23 damage)
             ... with a lance of force
             ... on level 1 of the Abyss.
             The game lasted 00:02:19 (188 turns).

Esekla the Skirmisher (Octopode Abyssal Knight)      Turns: 188, Time: 00:02:20

Health: -16/16     AC:  1    Str: 11    XL:     1   Next: 0%
Magic:  2/2        EV: 13    Int: 14    God:    Lugonu [*.....]
Gold:   0          SH:  0    Dex: 11    Spells: 0/0 levels left

rFire    . . .     SeeInvis .   a - +1 falchion
rCold    . . .     Gourm    .   (no shield)
rNeg     . . .     Faith    .   (helmet restricted)
rPois    .         Spirit   .   (no amulet)
rElec    .         Reflect  .   (no ring)
rCorr    .         Harm     .   (no ring)
MR       .....                  (no ring)
Stlth    ++........             (no ring)
HPRegen  0.05/turn              (no ring)
MPRegen  0.08/turn              (no ring)
                                (no ring)
                                (no ring)

@: no status effects
A: almost no armour, stealthy swim, amphibious, 8 rings, constrict 8, camouflage
1, gelatinous body 1
a: Depart the Abyss, Renounce Religion


You were on level 1 of the Abyss.
You worshipped Lugonu.
Lugonu was aware of your devotion.
You were not hungry.

You visited 0 branches of the dungeon, and saw 0 of its levels.
You visited the Abyss 1 time.

Inventory:

Hand Weapons
 a - a +1 falchion (weapon)
Potions
 c - a potion of stabbing {unknown}
Comestibles
 b - a ration


   Skills:
 + Level 3.0 Fighting
 * Level 2.0 Long Blades
 * Level 2.3 Dodging
 + Level 2.0 Invocations


You couldn't memorise any spells.
You didn't know any spells.
Your spell library was empty.

Dungeon Overview and Level Annotations

Branches:
Dungeon (0/15)

Altars:


Innate Abilities, Weirdness & Mutations

You cannot wear most types of armour.
You are very stealthy in the water. (Stealth+)
You are amphibious.
You can wear up to eight rings at the same time.
You can use your tentacles to constrict eight enemies at once.
Your skin changes colour to match your surroundings (Stealth+).
Your rubbery body absorbs attacks. (AC +1, EV +1)


Message History

The tentacle pulls you backwards!
The starspawn tentacle barely misses you.
You riposte.
You hit the starspawn tentacle but do no damage.
The small abomination misses you.
You riposte.
You barely miss the small abomination. You squeeze the small abomination.
The small abomination is lightly damaged.
The starspawn tentacle grabs you. The starspawn tentacle constricts you.
The rakshasa moves out of view.
A starspawn tentacle segment comes into view.
You escape the starspawn tentacle's grasp.
The small abomination barely misses you.
The starspawn tentacle grabs you. The starspawn tentacle constricts you.
You escape the starspawn tentacle's grasp.
An ice devil comes into view.
The rakshasa misses you. The rakshasa gestures at you.
The lance of force hits you!!
Ouch! That really hurt!
You die...

≈... ..... ≈.
≈...###...##≈≈.
.....#.....#.≈≈
≈≈.............≈≈
................≈≈
........X...4...≈≈
..≈≈... .#.....#
..≈≈≈≈..###@..###≈≈ ..
≈≈X...##......≈≈ .
....≈<♣.──##x.R...#♣ .
.....≈..≈...........≈
...........≈..........≈
# . ..#...≈..........≈
. # ..
###.............≈ .#..
..#..♣...........≈ .
.... ....≈...........≈


You could see a rakshasa, a thrashing horror, an ice devil (wandering) and a
small abomination.

Vanquished Creatures (others)
  2 starspawn tentacles (Abyss:1)
2 creatures vanquished.

Notes
Turn   | Place    | Note
-------+----------+-------------------------------------------
     0 | Abyss:1  | Esekla the Octopode Abyssal Knight began the quest for the
                  | Orb.
     0 | Abyss:1  | Reached XP level 1. HP: 16/16 MP: 2/2
    38 | Abyss:1  | Noticed a large abomination
    54 | Abyss:1  | Noticed an eye of draining
    56 | Abyss:1  | Noticed a neqoxec
    78 | Abyss:1  | Noticed an ancient zyme
    85 | Abyss:1  | Noticed a freezing wraith
   138 | Abyss:1  | Noticed a small abomination
   176 | Abyss:1  | Noticed a small abomination
   179 | Abyss:1  | Noticed a tentacled starspawn
   182 | Abyss:1  | Noticed a thrashing horror
   183 | Abyss:1  | Noticed a rakshasa
   186 | Abyss:1  | Noticed an ice devil
   188 | Abyss:1  | Killed from afar by a rakshasa

Illustrated notes

Levels and vault maps discovered:
Abyss:1:  guppyfry_abyss_exit_imp_island

Action                   || total
-------------------------++-------
Melee: Tentacles         ||     1
Dodge: Dodged            ||     6
       Rpst.: Falchion   ||     2
